Cogmind - Beta 11.1 @@@ ROGUE MODE // 2022.05.26 @ 16:28:14 Player: Exp. Geonium Core Result: Destroyed by S-27 Virus with Autogun Performance ------------- Evolutions (4) 2000 Regions Visited (10) 2000 Robots Destroyed (83) 415 Value Destroyed (1985) 1985 Prototype IDs (12) 240 Alien Tech Used (0) 0 Bonus (557) 557 TOTAL SCORE: 7197 Bonus ------- High Alert Combat Kills 43 Follower Combat Kills 14 Entered DSFs 500 Cogmind --------- Core Integrity 0/850 Matter 289/300 Energy 99/100 System Corruption 16% Temperature Cool (68) Movement Core (50) Location -6/Factory Parts ------- > --- POWER (1) -------- (None) > --- PROPULSION (3) --- (None) > --- UTILITY (9) ------ Enhanced Optical Array Advanced Melee Analysis Suite Advanced Melee Analysis Suite Advanced Melee Analysis Suite Advanced Hacking Suite > --- WEAPON (2) ------- (None) > --- INVENTORY (5) ---- Micro Nuclear Core Light Antimatter Reactor Flexi-carbon Leg Surge Thruster Hardened Light Armor Plating Peak State ------------ > --- POWER ------------ Micro Nuclear Core > --- PROPULSION ------- Combat Airjet Combat Gravmag System Cooled Antigrav System > --- UTILITY ---------- Large Storage Unit Advanced Sensor Array Improved Signal Interpreter Advanced Melee Analysis Suite Advanced Melee Analysis Suite Advanced Melee Analysis Suite Advanced Melee Analysis Suite Layered Medium Armor Plating Advanced Hacking Suite > --- WEAPON ----------- Blade Saw Power Sword > --- INVENTORY -------- Micro Nuclear Core Light Antimatter Reactor Gravmag System Gravmag System Gravmag Array Combat Gravmag System Improved Sensor Array Armor Integrity Analyzer Hardened Light Armor Plating Layered Medium Armor Plating Authchip [Device] Gauss Cannon Improved Proton Missile Launcher [Rating: 78] Favorites ----------- Power Ion Engine Engine Ion Engine Power Core Light Nuclear Core Propulsion Combat Gravmag System Treads Light Treads Leg Flexi-carbon Leg Wheel Wheel Hover Unit Combat Gravmag System Flight Unit Surge Thruster Utility Advanced Melee Analysis Suite Device Advanced Sensor Array Storage Small Storage Unit Processor Advanced Melee Analysis Suite Hackware Hacking Suite Protection Light Armor Plating Weapon Light Cannon Energy Gun Beam Rifle Energy Cannon Heavy Particle Cannon Ballistic Gun Assault Rifle Ballistic Cannon Light Cannon Launcher Grenade Launcher Special Weapon Welding Torch Slashing Weapon Greatsword Build | -11 -10 -10 -9 -8 -8 -7 -7 -6 -6 -6 ------- Run | Scr Mat Min Mat Mat Sto Fac DSF Fac Was Fac Slots Evolved 8 | . . . 2 2 . 2 . 2 . . Power . | . . . . . . . . . . . Propulsion 1 | . . . . . . 1 . . . . Utility 7 | . . . 2 2 . 1 . 2 . . Weapon . | . . . . . . . . . . . Parts Attached 109 | . 9 8 6 5 2 4 11 57 . 7 Power 3 | . . . . . . . 1 2 . . Engine . | . . . . . . . . . . . Core 3 | . . . . . . . 1 2 . . Reactor . | . . . . . . . . . . . Propulsion 30 | . 5 1 2 . 1 . 6 11 . 4 Treads 2 | . 2 . . . . . . . . . Leg 5 | . . . . . . . 2 . . 3 Wheel 4 | . 3 1 . . . . . . . . Hover 11 | . . . 2 . 1 . . 7 . 1 Flight 8 | . . . . . . . 4 4 . . Utility 48 | . 2 1 3 3 1 3 3 30 . 2 Device 11 | . 1 . . . . . . 10 . . Storage 2 | . . . . . . . . 2 . . Processor 13 | . . . . . 1 3 . 8 . 1 Hackware 13 | . . . 2 2 . . 2 7 . . Protection 9 | . 1 1 1 1 . . 1 3 . 1 Artifact . | . . . . . . . . . . . Weapon 28 | . 2 6 1 2 . 1 1 14 . 1 Energy Gun 5 | . . . . 2 . . . 3 . . Energy Cannon 2 | . . . . . . . 1 1 . . Ballistic Gun 2 | . . . . . . 1 . 1 . . Ballistic Cannon 3 | . 1 1 1 . . . . . . . Launcher 7 | . 1 4 . . . . . 2 . . Special Weapon 1 | . . 1 . . . . . . . . Impact Weapon . | . . . . . . . . . . . Slashing Weapon 8 | . . . . . . . . 7 . 1 Piercing Weapon . | . . . . . . . . . . . Special Melee Weapon . | . . . . . . . . . . . Unidentified Prototypes 9 | . . . . . . . . 9 . . Corrupted Parts 1 | . . . . . . . . . . 1 System Corruption 4 | . . . . . . . . . . 4 Parts Lost 36 | . 1 4 2 8 3 . . 7 3 8 Power 3 | . . 1 . . . . . 1 . 1 Propulsion 9 | . 1 1 . 1 2 . . . . 4 Utility 16 | . . 1 1 5 . . . 5 2 2 Weapon 8 | . . 1 1 2 1 . . 1 1 1 Highest Loss Streak 7 | . 1 4 2 7 3 . . 3 3 5 To Critical Strikes . | . . . . . . . . . . . Average Slot Usage (%) 85 | . 95 96 64 63 38 36 76 91 68 60 Engine 4 | . 14 12 . . . . . . . . Core 2 | . . . . . . . 3 6 6 4 Treads 5 | . 14 14 . . . . . . . . Wheel 5 | . 13 13 . . . . . . . . Hover 8 | . . . 11 16 7 . . 16 14 8 Flight 1 | . . . . . . . 10 3 . . Device 4 | . 4 . . . . . . 8 6 3 Storage 7 | . 14 14 11 6 . . . 2 1 . Processor 11 | . . . . . 4 14 28 20 27 27 Hackware 12 | . . . 16 24 18 15 21 24 6 6 Protection 5 | . 7 13 7 9 . . 2 1 1 3 Ballistic Cannon 5 | . 10 12 6 . . . . . . . Launcher 5 | . 8 13 11 1 . . . . . . Slashing Weapon 2 | . . . . . . . . 5 1 . Naked Turns . | . . . . . . . . . . . Heaviest Build 38 | 13 19 19 13 20 3 3 6 38 38 12 Greatest Support 45 | 20 20 20 19 19 3 3 40 45 39 40 Greatest Overweight (x) 1 | . 1 . . 1 . . 1 . . . Average Overweight (x) . | . . . . . . . . . . . Largest Inventory Capacity 15 | . 8 8 8 8 5 5 5 15 15 5 Average Capacity 8 | . 8 8 8 7 5 5 5 9 8 5 Most Carried 15 | . 8 8 8 7 5 5 5 15 15 5 Average Carried 6 | . 7 7 7 6 4 3 4 7 8 4 Final Capacity 15 | 8 8 8 8 5 5 5 5 15 5 5 Final Carried 15 | 6 8 6 8 5 4 3 5 15 5 5 Class Distribution -------------------- 50% | Mutant 22% | Hacker-Mutant 18% | Hacker-Gladiator 3% | Wizard-Sprinter Dominant Class ---------------- Mutant | -10/Materials Mutant | -10/Mines Hacker-Mutant | -9/Materials Hacker-Mutant | -8/Materials Hacker-Mutant | -8/Storage Hacker-Mutant | -7/Factory Hacker-Sprinter | -7/DSF Hacker-Gladiator | -6/Factory Mutant | -6/Waste Mutant | -6/Factory Resources | -11 -10 -10 -9 -8 -8 -7 -7 -6 -6 -6 ----------- Run | Scr Mat Min Mat Mat Sto Fac DSF Fac Was Fac Matter Collected 1870 | 200 293 340 144 . . . 92 761 . 40 Remotely . | . . . . . . . . . . . Salvage Created 3210 | . 349 169 267 89 . . 104 2232 . . Parts 205 | . 43 . 20 3 . . 13 126 . . Haulers Intercepted 2 | . 1 . . . . . . 1 . . Recyclers Shooed 1 | . 1 . . . . . . . . . Parts Field Recycled . | . . . . . . . . . . . Retrieved Matter . | . . . . . . . . . . . Parts Self-Destructed . | . . . . . . . . . . . Prevented . | . . . . . . . . . . . Kills | -11 -10 -10 -9 -8 -8 -7 -7 -6 -6 -6 ------- Run | Scr Mat Min Mat Mat Sto Fac DSF Fac Was Fac Combat Hostiles Destroyed 56 | . 12 8 11 2 . . 3 20 . . Melee 13 | . . . . . . . . 13 . . Guns 7 | . 1 . . . . . 1 5 . . Cannons 14 | . 7 2 3 . . . 2 . . . AOE 22 | . 4 6 8 2 . . . 2 . . Classes Destroyed 18 | . 7 2 2 1 . . 2 4 . . Worker 10 | . 1 1 1 . . . . 7 . . Builder 4 | . 2 . 1 . . . . 1 . . Tunneler 3 | . 2 . . . . . . 1 . . Hauler 2 | . 1 . . . . . . 1 . . Recycler 10 | . . 2 . . . . . 8 . . Mechanic 1 | . . . 1 . . . . . . . Operator 1 | . . . . . . . . 1 . . Watcher 4 | . 2 . . . . . . 2 . . Swarmer 13 | . 6 . 3 . . . . 4 . . Cutter 5 | . . . . . . . 2 3 . . Grunt 16 | . 6 . 6 1 . . . 3 . . Duelist 1 | . . . . 1 . . . . . . Protector 1 | . . . . . . . . 1 . . Sentry 4 | . . . 2 . . . . 2 . . Specialist 2 | . . . . . . . 1 1 . . Hunter 1 | . . . . . . . . 1 . . Programmer 5 | . . . . . . . . 5 . . Assembled 8 | . . 8 . . . . . . . . Best Kill Streak 8 | . 6 5 7 2 . . 2 8 . . Combat Bots Only 5 | . 5 5 5 2 . . 2 4 . . Max Kills in Single Turn 3 | . 2 1 3 1 . . 1 2 . . Gunslinging . | . . . . . . . . . . . Exploded 3 | . 2 1 3 1 . . . 2 . . Melee 1 | . . . . . . . . 1 . . Uniques/NPCs Destroyed . | . . . . . . . . . . . Combat | -11 -10 -10 -9 -8 -8 -7 -7 -6 -6 -6 -------- Run | Scr Mat Min Mat Mat Sto Fac DSF Fac Was Fac Damage Taken 5865 | . 295 646 296 972 313 . 598 1418 107 1220 Core 1796 | . 60 71 90 285 228 . 208 374 87 393 Absorbed by Shields 10 | . . . . . . . . 10 . . Regen/Repaired (Parts) 61 | . . . . . . . . 61 . . Core Remaining (%) 60 | 100 . 47 77 . 6 . 70 . . . Volleys Fired 148 | . 49 26 20 18 . . 19 16 . . Largest 2 | . 2 1 1 1 . . 1 1 . . Hottest 75 | . 40 35 35 56 . . 75 75 . . Shots Fired 163 | . 60 30 20 18 . . 19 16 . . Gun 66 | . 22 . . 16 . . 15 13 . . Cannon 68 | . 36 18 9 . . . 4 1 . . Launcher 29 | . 2 12 11 2 . . . 2 . . Special . | . . . . . . . . . . . Kinetic 100 | . 58 18 9 . . . 15 . . . Thermal 34 | . . . . 16 . . 4 14 . . Explosive 27 | . 2 12 11 2 . . . . . . Electromagnetic 2 | . . . . . . . . 2 . . Robot Hit Streak 14 | . 9 14 10 8 . . 5 8 . . Robot Miss Streak 7 | . 3 2 1 2 . . 2 7 . . Penetration Max . | . . . . . . . . . . . Secondary Targets . | . . . . . . . . . . . Shots Hit Robots 169 | . 44 14 11 12 . . 14 74 . . Core Hits 125 | . 23 14 25 7 . . 5 51 . . Critical Kills . | . . . . . . . . . . . Critical Parts Destroyed . | . . . . . . . . . . . Critical Strikes 6 | . 1 . 1 3 . . . 1 . . Burn 3 | . . . . 3 . . . . . . Blast 2 | . 1 . 1 . . . . . . . Sever 1 | . . . . . . . . 1 . . Melee Attacks 85 | . . . . . . . . 85 . . Impact . | . . . . . . . . . . . Slashing 85 | . . . . . . . . 85 . . Piercing . | . . . . . . . . . . . Sneak Attacks 19 | . . . . . . . . 19 . . Combat Hostiles . | . . . . . . . . . . . Follow-up Attacks . | . . . . . . . . . . . Damage Inflicted 7769 | . 1028 642 859 317 . . 249 4655 . 19 Guns 727 | . 135 . . 159 . . 174 259 . . Cannons 982 | . 557 224 126 . . . 75 . . . Explosions 1706 | . 336 418 733 139 . . . 80 . . Melee 4316 | . . . . . . . . 4316 . . Ramming 38 | . . . . 19 . . . . . 19 Kinetic 1216 | . 692 224 126 . . . 174 . . . Thermal 493 | . . . . 159 . . 75 259 . . Explosive 1626 | . 336 418 733 139 . . . . . . Electromagnetic 80 | . . . . . . . . 80 . . Impact . | . . . . . . . . . . . Slashing 4316 | . . . . . . . . 4316 . . Piercing . | . . . . . . . . . . . Highest Corruption 18 | . 5 18 . . . . . 2 12 16 Average Corruption 7 | . 4 6 . . . . . 1 8 13 Corruption Purged . | . . . . . . . . . . . Corruption Blocked 4 | . . . . . . . . 4 . . Effects 54 | . 1 34 . . . . . . 1 18 Message Errors 11 | . 1 8 . . . . . . . 2 Matter Fused 11 | . . 8 . . . . . . . 3 Heat Flow Errors 9 | . . 4 . . . . . . 1 4 Energy Discharges 3 | . . 3 . . . . . . . . Data Loss (minor) 6 | . . 4 . . . . . . . 2 Data Loss (major) 4 | . . 3 . . . . . . . 1 Misfires 4 | . . 4 . . . . . . . . Alerts 1 | . . . . . . . . . . 1 Misdirections 5 | . . . . . . . . . . 5 Overload Shots . | . . . . . . . . . . . Overflow Damage 601 | . 28 16 21 3 . . . 533 . . Projectiles 40 | . 24 16 . . . . . . . . Explosions 25 | . 4 . 21 . . . . . . . Melee 536 | . . . . 3 . . . 533 . . Knockbacks 7 | . 6 1 . . . . . . . . Impact . | . . . . . . . . . . . Kinetic 6 | . 5 1 . . . . . . . . Secondary 1 | . 1 . . . . . . . . . Self-Inflicted Damage 231 | . . 174 . 9 . . . 40 . 8 Shots 7 | . . 5 . . . . . 2 . . Rammed 6 | . . . . 2 . . . . . 4 Targets Rammed 6 | . . . . 2 . . . . . 4 Kicked . | . . . . . . . . . . . Crushed . | . . . . . . . . . . . Highest Temperature 296 | . 18 255 17 296 . . . 216 234 279 Average Temperature 107 | . 11 103 5 148 . . . 82 123 137 Received Heat Transfer 1116 | . 78 . 123 495 144 . . 195 . 81 Effects 2 | . . . . 2 . . . . . . Energy Bleed 2 | . . . . 2 . . . . . . Siege Activations . | . . . . . . . . . . . Robots Corrupted . | . . . . . . . . . . . Combat Hostiles . | . . . . . . . . . . . Parts Fried . | . . . . . . . . . . . Impact Corruptions 1 | . . . . 1 . . . . . . Robots Melted . | . . . . . . . . . . . Combat Hostiles . | . . . . . . . . . . . Parts Melted 2 | . . . . 1 . . . 1 . . Heat Transferred 950 | . . . . 629 . . 111 210 . . Parts Sabotaged . | . . . . . . . . . . . Parts Stolen . | . . . . . . . . . . . Parts Stripped . | . . . . . . . . . . . Power Chain Reactions . | . . . . . . . . . . . Missiles Intercepted . | . . . . . . . . . . . Alert | -11 -10 -10 -9 -8 -8 -7 -7 -6 -6 -6 ------- Run | Scr Mat Min Mat Mat Sto Fac DSF Fac Was Fac Peak Influence 694 | . 366 251 694 293 203 82 172 365 89 286 Initial 204 | . . 66 53 204 100 82 57 90 74 41 Average 146 | . 165 66 323 257 138 82 113 175 65 92 Maximum Alert Level 2 | . 1 1 2 1 1 . . 1 . 1 Low Security (%) 71 | . 70 94 31 . 95 100 100 60 100 87 Level 1 26 | . 29 5 44 100 4 . . 39 . 12 Level 2 1 | . . . 24 . . . . . . . Level 3 . | . . . . . . . . . . . Level 4 . | . . . . . . . . . . . Level 5 . | . . . . . . . . . . . High Security . | . . . . . . . . . . . Max Security . | . . . . . . . . . . . Squads Dispatched 18 | . 3 . 2 . 1 . 2 5 . 5 Investigation 2 | . 1 . . . . . . . . 1 Extermination 2 | . . . . . . . . 2 . . Reinforcement 14 | . 2 . 2 . 1 . 2 3 . 4 Assault . | . . . . . . . . . . . Garrison . | . . . . . . . . . . . Intercept . | . . . . . . . . . . . Searches Triggered . | . . . . . . . . . . . Construction Impeded 1 | . . . . . . . . . . 1 Haulers Reinforced 1 | . . . . . . . . 1 . . Active Scanning Responses . | . . . . . . . . . . . Cargo Convoy Interrupts 1 | . . . . . . . . 1 . . Stealth | -11 -10 -10 -9 -8 -8 -7 -7 -6 -6 -6 --------- Run | Scr Mat Min Mat Mat Sto Fac DSF Fac Was Fac Distress Signals 5 | . . . 1 2 1 . . 1 . . Communications Jammed . | . . . . . . . . . . . Distress Signals . | . . . . . . . . . . . Times Spotted 175 | . 15 9 19 13 17 . 7 53 6 36 Peak Tracking Total 16 | . 4 3 4 8 16 . 2 9 6 9 Tactical Retreats 16 | . . . . 1 1 . 2 5 . 7 Traps | -11 -10 -10 -9 -8 -8 -7 -7 -6 -6 -6 ------- Run | Scr Mat Min Mat Mat Sto Fac DSF Fac Was Fac Traps Triggered 11 | . 4 . . . 1 . 2 2 . 2 Indirectly . | . . . . . . . . . . . Trap Hack Attempts . | . . . . . . . . . . . Triggered . | . . . . . . . . . . . Disarmed . | . . . . . . . . . . . Reprogrammed . | . . . . . . . . . . . Reused . | . . . . . . . . . . . Traps Extracted . | . . . . . . . . . . . Installed . | . . . . . . . . . . . Triggered 2 | . . . . . . . . 2 . . Machines | -11 -10 -10 -9 -8 -8 -7 -7 -6 -6 -6 ---------- Run | Scr Mat Min Mat Mat Sto Fac DSF Fac Was Fac Machines Disabled 2 | . . . 2 . . . . . . . Max in Single Turn 2 | . . . 2 . . . . . . . Garrison Access 1 | . . . . . . . . 1 . . Machines Sabotaged . | . . . . . . . . . . . Garrisons Compromised 1 | . . . . . . . . 1 . . Overloaded Fab Kills . | . . . . . . . . . . . Hacking | -11 -10 -10 -9 -8 -8 -7 -7 -6 -6 -6 --------- Run | Scr Mat Min Mat Mat Sto Fac DSF Fac Was Fac Machines Accessed 39 | . . . 5 1 4 1 . 26 . 2 Terminals 29 | . . . 5 1 4 1 . 17 . 1 Fabricators 7 | . . . . . . . . 6 . 1 Repair Stations 1 | . . . . . . . . 1 . . Recycling Units . | . . . . . . . . . . . Scanalyzers 1 | . . . . . . . . 1 . . Garrison Access 1 | . . . . . . . . 1 . . Total Hacks 159 | . . . 17 2 16 1 . 118 . 5 Successful 97 | . . . 12 . 9 1 . 74 . 1 Failed 60 | . . . 5 2 6 . . 43 . 4 Catastrophic 2 | . . . . . . . . 1 . 1 Database Lockouts 2 | . . . . . 1 . . 1 . . Manual 112 | . . . 13 2 12 . . 80 . 5 Terminals 131 | . . . 17 2 16 1 . 92 . 3 Fabricators 23 | . . . . . . . . 21 . 2 Repair Stations 3 | . . . . . . . . 3 . . Recycling Units . | . . . . . . . . . . . Scanalyzers 1 | . . . . . . . . 1 . . Garrison Access 1 | . . . . . . . . 1 . . Terminal Hacks 46 | . . . 6 . 8 1 . 31 . . Part Schematic 7 | . . . . . 1 . . 6 . . Robot Schematic 1 | . . . 1 . . . . . . . Robot Analysis 7 | . . . . . . . . 7 . . Prototype ID Bank 1 | . . . . . . . . 1 . . Open Door 1 | . . . . . 1 . . . . . Open DSF 2 | . . . . . . 1 . 1 . . Level Access Points 1 | . . . . . 1 . . . . . Branch Access Points 4 | . . . 1 . 1 . . 2 . . Emergency Access Points 1 | . . . . . . . . 1 . . Machine Index 1 | . . . . . . . . 1 . . Terminal Index 3 | . . . 1 . 1 . . 1 . . Fabricator Index 2 | . . . . . 1 . . 1 . . Unreport Threat 6 | . . . 2 . . . . 4 . . Locate Traps 3 | . . . . . . . . 3 . . Recall Reinforcements 1 | . . . 1 . . . . . . . Registered Components 2 | . . . . . 1 . . 1 . . Zone Layout 3 | . . . . . 1 . . 2 . . Fabricator Hacks 6 | . . . . . . . . 6 . . Load Schematic 3 | . . . . . . . . 3 . . Build 3 | . . . . . . . . 3 . . Repair Station Hacks 2 | . . . . . . . . 2 . . Scan Component 1 | . . . . . . . . 1 . . Repair 1 | . . . . . . . . 1 . . Recycling Unit Hacks . | . . . . . . . . . . . Scanalyzer . | . . . . . . . . . . . Garrison Access Hacks 1 | . . . . . . . . 1 . . Seal Access 1 | . . . . . . . . 1 . . Unauthorized Hacks 42 | . . . 6 . 1 . . 34 . 1 Terminals 33 | . . . 6 . 1 . . 25 . 1 Track 8 | . . . . . . . . 8 . . Assimilate 8 | . . . 3 . . . . 4 . 1 Botnet 12 | . . . 2 . 1 . . 9 . . Disrupt 3 | . . . . . . . . 3 . . Operators 2 | . . . 1 . . . . 1 . . Fabricators 9 | . . . . . . . . 9 . . Prioritize 2 | . . . . . . . . 2 . . Liberate 4 | . . . . . . . . 4 . . Fabnet 3 | . . . . . . . . 3 . . Repair Stations . | . . . . . . . . . . . Recycling Units . | . . . . . . . . . . . Scanalyzers . | . . . . . . . . . . . Garrison Access . | . . . . . . . . . . . Data Cores Recovered 1 | . . . . . . . . 1 . . Used 1 | . . . . . . . . 1 . . Hacking Detections 30 | . . . 4 1 2 . . 21 . 2 Full Trace Events 1 | . . . . . . . . . . 1 Feedback Events . | . . . . . . . . . . . Feedback Blocked . | . . . . . . . . . . . Robot Schematics Acquired 1 | . . . 1 . . . . . . . Robots Built . | . . . . . . . . . . . Authchips . | . . . . . . . . . . . Time . | . . . . . . . . . . . Total Robot Build Rating . | . . . . . . . . . . . Part Schematics Acquired 7 | . . . . . 1 . . 6 . . Parts Built 4 | . . . . . . . . 4 . . Authchips 3 | . . . . . . . . 3 . . Time 114 | . . . . . . . . 114 . . Total Part Build Rating 24 | . . . . . . . . 24 . . Parts Repaired 1 | . . . . . . . . 1 . . Time 19 | . . . . . . . . 19 . . Parts Recycled . | . . . . . . . . . . . Recycled Matter . | . . . . . . . . . . . Retrieved Matter . | . . . . . . . . . . . Retrieved Components . | . . . . . . . . . . . Parts Scanalyzed . | . . . . . . . . . . . Part Schematics Acquired . | . . . . . . . . . . . Parts Damaged . | . . . . . . . . . . . Bothacking | -11 -10 -10 -9 -8 -8 -7 -7 -6 -6 -6 ------------ Run | Scr Mat Min Mat Mat Sto Fac DSF Fac Was Fac Used RIF Installer . | . . . . . . . . . . . Robots Hacked . | . . . . . . . . . . . Non-combat . | . . . . . . . . . . . Combat . | . . . . . . . . . . . Robot Hacks Applied . | . . . . . . . . . . . Relay Couplers Released . | . . . . . . . . . . . Fabnet Peak Effective % . | . . . . . . . . . . . Robots Rewired . | . . . . . . . . . . . Allies Hacked . | . . . . . . . . . . . Hacks Repelled . | . . . . . . . . . . . Allies | -11 -10 -10 -9 -8 -8 -7 -7 -6 -6 -6 -------- Run | Scr Mat Min Mat Mat Sto Fac DSF Fac Was Fac Total Allies 5 | . . 1 . . . . . 3 . 1 Largest Group 3 | . . 1 . . . . . 3 . 1 Highest-Rated Group 78 | . . 31 . . . . . 78 . 10 Highest-Rated Ally 31 | . . 31 . . . . . 26 . 10 Total Orders 5 | . . . . . . . . 5 . . STAY 3 | . . . . . . . . 3 . . FOLLOW 2 | . . . . . . . . 2 . . Ally Attacks 16 | . . 16 . . . . . . . . Total Damage 145 | . . 145 . . . . . . . . Kills 5 | . . 5 . . . . . . . . Allies Corrupted . | . . . . . . . . . . . Allies Melted . | . . . . . . . . . . . Intel | -11 -10 -10 -9 -8 -8 -7 -7 -6 -6 -6 ------- Run | Scr Mat Min Mat Mat Sto Fac DSF Fac Was Fac Robot Analysis Total 7 | . . . . . . . . 7 . . Derelict Logs Recovered . | . . . . . . . . . . . Drone Launches . | . . . . . . . . . . . Drone Recoveries . | . . . . . . . . . . . Exploration | -11 -10 -10 -9 -8 -8 -7 -7 -6 -6 -6 ------------- Run | Scr Mat Min Mat Mat Sto Fac DSF Fac Was Fac Turns Passed 4855 | . 589 1252 305 142 72 54 175 1854 45 367 Spaces Moved 4289 | 1 365 157 271 131 138 96 205 2255 70 600 Core 486 | . . . . 29 138 96 55 . . 168 Treads 305 | . 148 157 . . . . . . . . Legs 9 | 1 . . . . . . 6 . . 2 Wheels 217 | . 217 . . . . . . . . . Hover 2430 | . . . 271 102 . . . 1557 70 430 Flight 842 | . . . . . . . 144 698 . . Fastest Speed 29 | 120 95 160 66 50 50 50 29 29 61 50 Average Speed 65 | 120 122 160 79 65 50 50 42 53 61 57 Slowest Speed 160 | 120 160 160 80 131 50 50 120 80 62 120 Overloaded Moves 7 | . . . . . . . . 7 . . Propulsion Burnouts . | . . . . . . . . . . . Robots Hopped 2 | . . . . . . . . 2 . . Cave-ins Triggered 1 | . . 1 . . . . . . . . Exploration Rate (%) 39 | 2 59 35 37 15 42 3 92 56 78 20 Regions Visited 10 Branch Regions 2 Pre-discovered Areas . | . . . . . . . . . . . Known Exits Taken 2 | . . . . . 1 1 . . . . Unknown Exits Taken 5 | 1 1 1 1 1 . . . . . . Scrap Searched . | . . . . . . . . . . . Spaces Dug 43 | . . 17 7 . . . . 19 . . Terrain Destroyed 255 | . 9 110 113 4 . . . 19 . . Melee 19 | . . . . . . . . 19 . . Projectile . | . . . . . . . . . . . AOE 236 | . 9 110 113 4 . . . . . . Terrain Rammed . | . . . . . . . . . . . Walls Destroyed . | . . . . . . . . . . . Machines Disabled . | . . . . . . . . . . . Actions | -11 -10 -10 -9 -8 -8 -7 -7 -6 -6 -6 --------- Run | Scr Mat Min Mat Mat Sto Fac DSF Fac Was Fac Total 6034 | . 455 1132 342 167 140 100 276 2732 71 619 Wait 1224 | . 4 933 30 10 . . 9 233 2 3 Move 4275 | . 364 155 270 130 137 95 204 2251 69 600 Hop 2 | . . . . . . . . 2 . . Pick Up 68 | . 14 3 9 1 1 1 6 30 . 3 Fast Attach 57 | . 4 4 3 4 . 2 7 28 . 5 Attach 36 | . 1 3 2 1 2 2 2 21 . 2 Detach 9 | . . . 1 . . . 1 7 . . Swap 16 | . 4 1 1 . . . 2 8 . . Drop 72 | . 15 6 6 1 . . 8 35 . 1 Fire 148 | . 49 26 20 18 . . 19 16 . . Melee 85 | . . . . . . . . 85 . . Ram 7 | . . . . 2 . . . . . 5 Kick . | . . . . . . . . . . . Crush . | . . . . . . . . . . . Escape Stasis 35 | . . 1 . . . . 18 16 . . Rewire . | . . . . . . . . . . . Trap . | . . . . . . . . . . . Miscellaneous . | . . . . . . . . . . . Route ------- -11/Scrapyard -10/Materials (discovered 3 exits: *Mat x2 / [*Min]) -10/Mines -9/Materials (discovered 2 exits: *Mat / *Min) -8/Materials -8/Storage (discovered 2 exits: *Fac / Rec) -7/Factory -7/DSF -6/Factory (discovered 6 exits: *Fac x2 / *Low x2 / Ext x2) -6/Waste -6/Factory (discovered 1 exit: *Ext) History --------- Turn | Location | Event 1 | -11/Scrapyard | Discovered new exit (range 0) 1 | -11/Scrapyard | Entered Materials 98 | -10/Materials | Discovered new exit (range 3) 217 | -10/Materials | Discovered new exit (range 9) 255 | -10/Materials | Discovered new exit (range 4) 312 | -10/Materials | Build established: Mutant 590 | -10/Materials | Entered Mines 591 | -10/Mines | Met a Derelict testing a Signal Generator 599 | -10/Mines | Assembled infested the area 604 | -10/Mines | Assisted by a Guerilla fighting off Assembled 1674 | -10/Mines | Core integrity fell below 50% 1698 | -10/Mines | Crushed by falling debris 1699 | -10/Mines | System corruption reached 10% 1729 | -10/Mines | Lost 4 parts (1p1n1u1w) 1832 | -10/Mines | Discovered new exit (range 7) 1842 | -10/Mines | Entered Materials 1842 | -9/Materials | Evolved 2 slots: Utility x2 1878 | -9/Materials | Discovered new exit (range 13) 1882 | -9/Materials | Identified exit to Mines 2129 | -9/Materials | Discovered new exit (range 5) 2147 | -9/Materials | Entered another Materials area 2147 | -8/Materials | Evolved 2 slots: Utility x2 2185 | -8/Materials | Discovered new exit (range 13) 2223 | -8/Materials | Build established: Hacker-Mutant 2274 | -8/Materials | Core integrity fell below 50% 2289 | -8/Materials | Entered Storage 2293 | -8/Storage | Lost 7 parts (1n5u1w) 2338 | -8/Storage | Identified exit to Factory 2338 | -8/Storage | Identified exit to Recycling 2350 | -8/Storage | Central database locked down 2359 | -8/Storage | Core integrity fell below 20% 2361 | -8/Storage | Entered Factory 2361 | -7/Factory | Evolved 2 slots: Propulsion x1, Utility x1 2387 | -7/Factory | Lost 3 parts (2n1w) 2415 | -7/Factory | Identified exit to DSF 2415 | -7/Factory | Entered DSF 2508 | -7/DSF | Additional patrols routed to DSF 2527 | -7/DSF | Discovered new exit (range 16) 2590 | -7/DSF | Entered Factory 2590 | -6/Factory | Evolved 2 slots: Utility x2 2630 | -6/Factory | Repaired Surge Thruster 2723 | -6/Factory | Identified exit to Lower Caves 2723 | -6/Factory | Identified exit to Extension 2756 | -6/Factory | Lost 3 parts (3u) 2844 | -6/Factory | Spotted B-75 Beast 2881 | -6/Factory | Discovered new exit (range 10) 2917 | -6/Factory | Fabricated Cmb. Gravmag System (x2) 3116 | -6/Factory | Identified exit to Factory 3314 | -6/Factory | Build established: Hacker-Gladiator 3506 | -6/Factory | Allied Derelicts ambushed cargo convoy from Garrison Access 3506 | -6/Factory | Cargo convoy interrupted 3595 | -6/Factory | Found Prototype Device 3595 | -6/Factory | Identified Exp. EM Disruption Field 3605 | -6/Factory | Found Prototype Launcher 3605 | -6/Factory | Identified Com. Tesla Bomb Launcher 4018 | -6/Factory | Found Prototype Processor 4018 | -6/Factory | Identified Exp. Targeting Computer 4130 | -6/Factory | Fabricated Adv. Hacking Suite (x1) 4159 | -6/Factory | Fabricated Adv. Hacking Suite (x1) 4210 | -6/Factory | Build established: Hacker-Mutant 4340 | -6/Factory | Central database locked down 4420 | -6/Factory | Discovered exit to Factory (range 10) 4444 | -6/Factory | Sucked down chute 4444 | -6/Factory | Entered Waste 4450 | -6/Waste | Spotted C-40 Crusher 4453 | -6/Waste | Spotted C-40 Crusher 4459 | -6/Waste | EMP discharged 4459 | -6/Waste | System corruption reached 10% 4459 | -6/Waste | Crushed by Compactor (1 part destroyed, 1 dropped) 4459 | -6/Waste | Crushed by Compactor (1 part destroyed, 1 dropped) 4460 | -6/Waste | Core integrity fell below 50% 4461 | -6/Waste | Spotted C-40 Crusher 4461 | -6/Waste | Spotted C-40 Crusher 4469 | -6/Waste | Spotted C-40 Crusher 4470 | -6/Waste | Spotted C-40 Crusher 4483 | -6/Waste | Discovered new exit (range 11) 4488 | -6/Waste | Identified exit to Factory 4489 | -6/Waste | Entered Factory 4490 | -6/Factory | Lost 3 parts (2u1w) 4774 | -6/Factory | Lost 5 parts (1p1n2u1w) 4786 | -6/Factory | Core integrity fell below 20% 4849 | -6/Factory | Discovered exit to Extension (range 17) 4856 | -6/Factory | Destroyed by S-27 Virus with Autogun Last Messages --------------- 04825_ K-01 Serf collects debris. 04829_ Knocked back. 04829_ K-01 Serf destroyed. 04832_ U-05 Engineer lays Concrete. 04835_ TCQWPGI&BR RY 04849_ EXIT=FOUND: EXTENSION 04851_ ALERT: Hostiles spotted, dispatching reinforcements to Terminal F007. 04852_ System corrupted: Heat flow error (+216). Map ----- +----------------------------------------------------+ | | | | | | | | | | | | | | | | | | | | | | | | | ?????????????????????????????????????????????????? | | ?????????????????????????????????????????????????? | | ?????????????????????????????????????????????????? | | ?????????????????????????????????????????????????? | | ?????????????????????????????????????????????????? | | ?????????????????????????????????????????????????? | | ?????????????????????????????????????????????????? | | ?????????????????????????????????????????????????? | | ??????????????????????#######????????????????????? | | ??????????????????????# #????????????????????? | | ??????????????????????# #????????????????????? | | ??????????????????????# < #????????????????????? | | ??????????????????????# #????????????????????? | | ??????????????????????# @k #????????????????????? | | ?????????????????###### ######???????????????? | | ?????????????????#""""" """""#???????????????? | | ????????????????###### #####???????????????? | | ????????????????"""""""" """"""""??????????????? | | ????????????????####### T#######??????????????? | | ??????????????????????## ##????????????????????? | | ???????????????????????# #?????????????????????? | | ???????????????????????# #?????????????????????? | | ???????????????????????# #?????????????????????? | | ???????????????????????# #?????????????????????? | | ???????????????????????#ss #?????????????????????? | | ??????????????????????## ##????????????????????? | | #####/################# % #????????????????????? | | ^ %H % #????????????????????? | | #????????????????????? | | #????????????????????? | | ##"#### ###"###+### ! #????????????????????? | | """ ?# # ????## ##????????????????????? | | "R" # # ????# #?????????????????????? | | " " *# # ???# ????????????????????? | | # # ??# ??????????????????? | | + + """ """ ?# """ ""?????????????????? | | ! # # """ R" ## """ """ ???????????????? | | ### # """ """ ## """ """????????????????? | +----------------------------------------------------+ Best States ------------- Heat Dissipation 51 Energy Generation 15 Energy Capacity 250 Matter Stores 300 Matter Capacity 300 Sight Range 22 Robot Scan Range 16 Terrain Scan Density 10 Jamming Range 12 Armor Coverage 375 Evasion (%) 74 Melee Accuracy 32 Core Analysis 6 Recoil Reduction 1 Offensive Hacking 30 Defensive Hacking 40 Authchip Count 3 Item Schematics ----------------- Hacking Suite | -8/Storage | Hacked Cmb. Gravmag System | -6/Factory | Hacked Microactuators | -6/Factory | Hacked Power Sword | -6/Factory | Hacked Adv. Hacking Suite | -6/Factory | Hacked Imp. System Shield | -6/Factory | Hacked Greatsword | -6/Factory | Hacked Robot Schematics ------------------ O-16 Technician | -9/Materials | Hacked Fabricated ------------ Cmb. Gravmag System | x2 | -6/Factory | Authchip Adv. Hacking Suite | x1 | -6/Factory | Authchip Adv. Hacking Suite | x1 | -6/Factory | Authchip Alien Tech Used ----------------- None Achievements -------------- None Challenges ------------ None Game ------ Seed ThrusterSwarmSpear Manual? 0 Play Time 01:45:15 Cumulative 162.0 hours Start 2022.05.25 @ 19:55:42 End 2022.05.26 @ 16:28:14 Sessions 3 Manual Loads 0 Difficulty Rogue Special Mode None Game No. 245 Rogue 245 Adventurer 0 Explorer 0 Win Type - Total 9 Types 7/0/1/1/0/0/0/0/0 Lore% 51 Gallery% 74 Achievement% 62 Wizard Run 0 Options --------- ASCII 0 Keyboard 0 Movement Numpad Keybinds 0 Fullscreen 1 Font 18/Terminus Map View 76x50 Tactical HUD 1 Map Filters NONE Filters NONE Steam 1 RUN: f0f65137-0043-4752-8c1b-fba2e105ef46